 Dungeon Crawl Stone Soup version 0.23.2 (webtiles) character file.

Game seed: 13960323387110655243

106 bar4ka the Cutter (level 5, -5/49 HPs)
             Began as a Kobold Berserker on Apr 4, 2019.
             Was a Believer of Trog.
             Killed by nerve-wracking pain
             ... invoked by an orc priest
              (6 damage)
             ... on level 3 of the Dungeon.
             The game lasted 00:07:51 (1909 turns).

bar4ka the Cutter (Kobold Berserker)                Turns: 1909, Time: 00:07:52

Health: -5/49      AC:  2    Str: 19    XL:     5   Next: 10%
Magic:  5/5        EV: 15    Int:  9    God:    Trog [**....]
Gold:   103        SH:  0    Dex: 17    Spells: 4/4 levels left

rFire    . . .     SeeInvis .   a - +2 short sword
rCold    . . .     Gourm    .   (shield restricted)
rNeg     . . .     Faith    .   d - +0 robe
rPois    .         Spirit   .   (helmet restricted)
rElec    .         Reflect  .   (no cloak)
rCorr    .         Harm     .   (no gloves)
MR       +....                  (no boots)
Stlth    ..........             (no amulet)
HPRegen  0.00/turn              g - ring of stealth
MPRegen  0.09/turn              (no ring)

@: berserking (expiring), lethally poisoned (-5 -> -13), very quick
A: small, antennae 1, agile 1, carnivore, magic resistance 1, inhibited
regeneration
a: Berserk, Trog's Hand, Renounce Religion


You were on level 3 of the Dungeon.
You worshipped Trog.
Trog was pleased with you.
You were hungry.

You visited 1 branch of the dungeon, and saw 3 of its levels.

You collected 103 gold pieces.

Inventory:

Hand Weapons
 a - a +2 short sword (weapon)
 l - a +1 dagger of draining
Armour
 b - a +0 animal skin
 d - a +0 robe (worn)
 h - a +0 robe
Jewellery
 g - a ring of stealth (left hand)
Scrolls
 e - 2 scrolls of teleportation
 f - 2 scrolls of remove curse
 i - a scroll of identify
 k - a scroll of random uselessness {unknown}
Potions
 j - 2 potions of curing {unknown}
Comestibles
 c - 5 rations


   Skills:
 + Level 4.0 Fighting
 * Level 6.1 Short Blades
 - Level 1.6 Armour
 - Level 2.5 Dodging
 + Level 2.0 Stealth


You had 4 spell levels left.
You didn't know any spells.
Your spell library was empty.

Dungeon Overview and Level Annotations

Branches:
Dungeon (3/15)

Altars:
Hepliaklqana
The Shining One


Innate Abilities, Weirdness & Mutations

You are small and have problems with some larger weapons.
You are carnivorous and can eat meat at any time.
You have a pair of small antennae on your head.
You are agile. (Dex +2)
You are resistant to hostile enchantments. (MR+)
You do not regenerate when monsters are visible.


Message History

The orc priest hits you with a +0 hand axe!
* * * LOW HITPOINT WARNING * * *
The bat barely misses you.
You puncture the orc!
You kill the orc!
Trog accepts your kill. The bat barely misses you.
* * * LOW HITPOINT WARNING * * *
You feel sick. The bat barely misses you. The orc hits you with a +0 dagger.
* * * LOW HITPOINT WARNING * * *
The orc priest misses you.
Items here: ( ) [ † a +0 short sword; 2 tomahawks; a +0 ring mail; an orc corpse You feel a strong urge to attack something.
Found a stone staircase leading down.
* * * LOW HITPOINT WARNING * * *
You feel sick.
The orc priest calls down the wrath of Beogh upon you.
Pain shoots through your body!
You die...

#.. ..# #.# #.# #.# #.#
#.# #)#
########.########.# ##
.#....)b...........###..
......oo#.##...........#
.#.####.#.##.#.###<.....
#@#.##.#.#.......#
#.#.##.#.#.#.#....
#.#(#.#.#....#...#
#.#..# #.#.#.##..#
#.#.## ##(.......#
#.##.###.#.#####.#
#>###.#..#.# ..
#.####.#.#.#
#......#.#..


You could see an orc priest, an orc and a bat.

Vanquished Creatures
  4 adders
  A worm (D:3)
  A dart slug (D:1)
  3 leopard geckos
  3 orcs (D:3)
  6 goblins
  6 hobgoblins (D:1)
  2 jackals (D:2)
  A quokka (D:2)
  9 bats
  5 frilled lizards
  11 kobolds
  7 rats
59 creatures vanquished.

Notes
Turn   | Place    | Note
-------+----------+-------------------------------------------
     0 | D:1      | bar4ka the Kobold Berserker began the quest for the Orb.
     0 | D:1      | Reached XP level 1. HP: 14/14 MP: 1/1
   169 | D:1      | Reached XP level 2. HP: 11/19 MP: 2/2
   401 | D:1      | Reached XP level 3. HP: 24/24 MP: 3/3
   611 | D:1      | Reached skill level 5 in Short Blades
   713 | D:1      | Gained mutation: You have a pair of small antennae on your
                  | head. [potion of mutation]
   713 | D:1      | Gained mutation: You do not regenerate when monsters are
                  | visible. [potion of mutation]
   713 | D:1      | Gained mutation: You are agile. (Dex +2) [potion of
                  | mutation]
   713 | D:1      | Gained mutation: You are resistant to hostile enchantments.
                  | (MR+) [potion of mutation]
   787 | D:2      | Reached ** piety under Trog
   956 | D:2      | Found a hazy altar of Hepliaklqana.
  1138 | D:2      | Reached skill level 1 in Stealth
  1196 | D:2      | Reached XP level 4. HP: 28/29 MP: 4/4
  1549 | D:2      | Found a glowing golden altar of the Shining One.
  1901 | D:3      | Reached skill level 6 in Short Blades
  1901 | D:3      | Reached XP level 5. HP: 16/33 MP: 5/5
  1907 | D:3      | HP: 2/49 [orc/+0 dagger (3)]
  1909 | D:3      | Killed from afar by an orc priest

Skill      XL: |  1  2  3  4 |
---------------+-------------+-----
Short Blades   | 5 6 |  6.1
Stealth        | 1 2 |  2.0
Fighting       | 4 |  4.0
Armour         | |  1.6
Dodging        | |  2.5

Action                   |  1- 3 |  4- 6 || total
-------------------------+-------+-------++-------
Melee: Short sword       |    94 |    37 ||   131
Invok: Berserk           |     1 |     1 ||     2
  Use: Scroll            |     5 |     1 ||     6
       Potion            |     2 |       ||     2
 Stab: Sleeping          |     4 |     6 ||    10
  Eat: Ration            |     1 |     1 ||     2
Armor: Animal skin       |    15 |       ||    15
       Robe              |     2 |     6 ||     8
Dodge: Dodged            |    82 |    34 ||   116
